 Dungeon Crawl Stone Soup version 0.19.0-24-gb05acd6 (webtiles) character file.

375 smedtjen the Magician (level 6, -5/37 HPs)
             Began as a High Elf Fire Elementalist on Nov 20, 2016.
             Slain by Vajrapani's ghost (9 damage)
             ... on level 4 of the Dungeon.
             The game lasted 00:19:19 (6208 turns).

smedtjen the Magician (High Elf Fire Elementalist)  Turns: 6208, Time: 00:19:19

Health: -5/37      AC:  4    Str:  7    XL:     6   Next: 44%
Magic:  3/13       EV: 13    Int: 20    God:
Gold:   229        SH:  0    Dex: 17    Spells: 2 memorised, 11 levels left

rFire  . . .     SeeInvis .     o - +4 quarterstaff (chaos)
rCold  . . .     Gourm    .     j - +0 leather armour
rNeg   . . .     Faith    .     (shield currently unavailable)
rPois  .         Spirit   .     y - +1 hat
rElec  .         Reflect  .     (no cloak)
rCorr  .         Harm     .     (no gloves)
MR     +....                    (no boots)
Stlth  ++........               (no amulet)
                                (no ring)
                                u - ring of protection from magic

@: very slightly contaminated
A: no striking features
a: no special abilities


You were on level 4 of the Dungeon.
You were not hungry.

You visited 1 branch of the dungeon, and saw 4 of its levels.

You collected 229 gold pieces.

Inventory:

Hand Weapons
 e - a +0 short sword
 o - a +4 quarterstaff of chaos (weapon)
Missiles
 d - 38 sling bullets
 h - 170 stones (quivered)
 p - 50 arrows
 q - 17 bolts
Armour
 a - a +0 robe
 c - a cursed +0 chain mail
 j - a +0 leather armour (worn)
 t - a +0 cloak
 y - a +1 hat (worn)
Jewellery
 u - a ring of protection from magic (left hand)
Scrolls
 f - a scroll of recharging {unknown}
 i - 2 scrolls of random uselessness {unknown}
 l - 2 scrolls of identify
 m - 3 scrolls of teleportation
 n - 2 scrolls of remove curse
 v - a scroll of noise {unknown}
Potions
 g - 2 potions of heal wounds {unknown}
 k - 2 potions of brilliance {unknown}
 r - a potion of lignification {unknown}
 s - 2 potions of curing {unknown}
 w - a potion of agility {unknown}
Books
 b - a book of Flames

   Spells                             Type                      Level
   a - Flame Tongue                   Conjuration/Fire             1
   b - Throw Flame                    Conjuration/Fire             2
   c - Conjure Flame                  Conjuration/Fire             3
   d - Inner Flame                    Hexes/Fire                   3
   e - Sticky Flame                   Conjuration/Fire             4
   f - Fireball                       Conjuration/Fire             5
Comestibles
 x - a bread ration
 z - a royal jelly
 A - 6 chunks of flesh
 B - 2 meat rations


   Skills:
 + Level 0.4 Fighting
 + Level 0.5 Short Blades
 + Level 2.0 Armour
 + Level 3.1 Dodging
 + Level 2.7 Stealth
 + Level 4.6 Spellcasting
 + Level 2.5 Conjurations
 + Level 4.5 Fire Magic


You had 11 spell levels left.
You knew the following spells:

 Your Spells              Type           Power        Failure   Level  Hunger
a - Flame Tongue          Conj/Fire      ###..        4%          1    None
b - Throw Flame           Conj/Fire      ###...       8%          2    #......


Dungeon Overview and Level Annotations

Branches:
Dungeon (4/15)
 Temple: D:4-7

Altars:

Annotations:
D:4 Vajrapani's ghost, amateur DrTm


Message History

Vajrapani's ghost hits you!
* * * LOW HITPOINT WARNING * * *
Casting: Flame Tongue
Confirm with . or Enter, or press ? or * to list all spells.
Aiming: Flame Tongue
Press: ? - help, Shift-Dir - straight line, f/p - Vajrapani's ghost
Aim: Vajrapani's ghost (almost destroyed)
You miscast Flame Tongue.
Nothing appears to happen.
Vajrapani's ghost hits you.
* * * LOW HITPOINT WARNING * * *
Casting: Flame Tongue
Confirm with . or Enter, or press ? or * to list all spells.
Aiming: Flame Tongue
Press: ? - help, Shift-Dir - straight line, f/p - Vajrapani's ghost
Aim: Vajrapani's ghost (almost destroyed)
The flame tongue hits Vajrapani's ghost.
Vajrapani's ghost appears unharmed.
Vajrapani's ghost is almost destroyed.
Vajrapani's ghost hits you!
You die... ######### ......W@# #########

You could see Vajrapani's ghost.

Vanquished Creatures
  The ghost of feelmyfire the Conjurer, an amateur DECj (D:3)
  Crazy Yiuf (D:2)
  A bullfrog skeleton (D:2)
  Ijyb (D:3)
  Natasha (thrice) (D:2)
  An orc wizard (D:3)
  An adder (D:2)
  An ooze (D:1)
  4 worms
  2 dart slugs
  A leopard gecko (D:1)
  15 orcs
  7 bats
  3 giant cockroaches
  5 goblins
  10 hobgoblins
  8 jackals
  4 frilled lizards
  9 kobolds
  7 rats
  A fungus (D:2)
86 creatures vanquished.

Notes
Turn   | Place    | Note
-------+----------+-------------------------------------------
     0 | D:1      | smedtjen the High Elf Fire Elementalist began the quest for the Orb.
     0 | D:1      | Reached XP level 1. HP: 11/11 MP: 4/4
   275 | D:1      | Reached XP level 2. HP: 12/17 MP: 1/6
   279 | D:1      | Learned a level 2 spell: Throw Flame
  1435 | D:2      | Reached XP level 3. HP: 21/21 MP: 2/8
  1960 | D:2      | Noticed Natasha
  2356 | D:2      | Killed Natasha
  2356 | D:2      | Reached XP level 4. HP: 27/27 MP: 5/10
  2968 | D:2      | Noticed Natasha
  2975 | D:2      | Killed Natasha
  3284 | D:2      | Found a runed door.
  3288 | D:2      | Noticed Crazy Yiuf
  3705 | D:2      | Killed Crazy Yiuf
  3705 | D:2      | Reached skill level 1 in Armour
  3705 | D:2      | Reached XP level 5. HP: 13/31 MP: 0/11
  3991 | D:2      | Noticed Natasha
  3997 | D:2      | Killed Natasha
  5354 | D:3      | Noticed feelmyfire's ghost (amateur DECj)
  5400 | D:3      | Killed feelmyfire's ghost
  5400 | D:3      | Reached XP level 6. HP: 31/37 MP: 5/13
  5641 | D:3      | Noticed Ijyb
  5649 | D:3      | Killed Ijyb
  6197 | D:4      | Noticed Vajrapani's ghost (amateur DrTm)
  6208 | D:4      | Slain by Vajrapani's ghost

Skill      XL: |  1  2  3  4  5  6 |
---------------+-------------------+-----
Spellcasting   | 3 4 |  4.6
Fire Magic     | 4 |  4.5
Armour         | 1 2 |  2.0
Conjurations   | 2 |  2.5
Dodging        | 3 |  3.1
Fighting       | |  0.4
Short Blades   | |  0.5
Stealth        | |  2.7

Action                   |  1- 3 |  4- 6 || total
-------------------------+-------+-------++-------
Melee: Short sword       |     7 |    31 ||    38
       Quarterstaff      |       |     7 ||     7
 Cast: Flame Tongue      |    34 |    87 ||   121
       Throw Flame       |    21 |    52 ||    73
  Use: Scroll            |       |     5 ||     5
  Eat: Chunk             |     3 |     1 ||     4
       Royal jelly       |     1 |       ||     1
       Meat ration       |       |     2 ||     2
       Bread ration      |       |     1 ||     1
Armor: Robe              |     2 |       ||     2
       Leather armour    |     6 |    14 ||    20
Dodge: Dodged            |    28 |    51 ||    79
